Map: Whirlwind LE (Void)

Players

MyStarSuzy

  • Race: Terran Terran
  • League: Diamond
  • Spawn Location: 11:00

Musumeci - Winner!

  • Race: Zerg Zerg
  • League: Diamond
  • Spawn Location: 1:00

VOD

Have the link to the VOD?

Description

Time

  • Played on: Jan. 8, 2017, 7:47 a.m.
  • Length: 18:47
Show
View Real Time Build Order
Export as new Build Order

MyStarSuzy Terran 

Build Orders: Reaper Expand, MMM Bio 

Get SALT Encoding   

  12  0:01  SCV  
  13  0:13  SCV  
  14  0:18  Supply Depot  
  14  0:25  SCV  
  15  0:40  SCV  
  15  0:42  Barracks  
  16  0:47  Refinery  
  16  0:52  SCV  
  17  1:04  SCV  
  18  1:16  SCV  
  19  1:28  Orbital Command  
  19  1:31  Reaper  
  20  1:41  Command Center  
  21  1:54  SCV  
  21  1:57  Supply Depot  
  21  2:06  SCV  
  22  2:11  Refinery  
  22  2:12  Barracks Tech Lab  
  22  2:18  SCV  
  22  2:19  Barracks  
  23  2:36  SCV  
  23  2:42  Stimpack, Marine  
  24  2:48  SCV  
  25  2:55  Orbital Command  
  25  2:56  Factory  
  25  3:00  SCV  
  25  3:04  Marine  
  27  3:06  Barracks Reactor  
  28  3:12  SCV  
  28  3:21  SCV  
  28  3:22  Marine  
  28  3:25  SCV  
  31  3:33  SCV  
  32  3:37  SCV  
  32  3:39  Barracks  
  33  3:41  Starport  
  33  3:42  Factory Reactor  
  33  3:43  Marine x2  
  33  3:44  Marine  
  33  3:45  SCV  
  37  3:49  SCV  
  37  3:55  Supply Depot  
  38  3:57  SCV  
  38  4:01  Marine x2  
  38  4:02  SCV  
  42  4:06  Marine  
  42  4:09  SCV  
  44  4:14  SCV  
  44  4:15  Supply Depot  
  45  4:19  Marine x2  
  47  4:24  Marine  
  47  4:26  Medivac x2  
  47  4:27  Barracks Reactor  
  47  4:29  SCV x2  
  54  4:36  Factory Reactor  
  54  4:37  Marine x2  
  56  4:40  Engineering Bay  
  56  4:41  SCV  
  56  4:42  Marine  
  56  4:44  Engineering Bay  
  58  4:47  Combat Shields  
  58  4:48  Supply Depot  
  58  4:52  SCV  
  59  4:55  Marine x2  
  61  5:00  Marine  
  62  5:10  Viking, SCV x2  
  62  5:12  Refinery, Marine  
  62  5:13  Marine  
  68  5:15  Refinery  
  68  5:18  Marine, Supply Depot  
  69  5:30  Marine x2  
  61  5:46  Marine  
  61  5:48  Marine x2  
  64  5:52  SCV x2  
  64  5:55  Widow Mine x2  
  64  5:56  Command Center  
  70  5:59  Medivac  
  70  6:00  Medivac  
  74  6:04  SCV, Marine  
  74  6:06  Marine x2, Terran Infantry Weapons Level 1  
  78  6:20  Supply Depot x2  
  78  6:22  Supply Depot  
  78  6:33  Barracks x2  
  78  6:41  Widow Mine  
  78  6:42  SCV x2, Marine x3  
  85  6:58  SCV  
  85  6:59  SCV, Marine x2  
  85  7:00  Marauder  
  91  7:06  Medivac x2  
  95  7:09  Marine x2  
  95  7:10  Factory, SCV  
  95  7:11  Orbital Command  
  95  7:14  SCV  
  97  7:17  Marine  
  97  7:21  Marauder  
  100  7:26  Barracks Tech Lab x2  
  100  7:29  Marine x3  
  102  7:35  Marine  
  104  7:43  Marauder  
  106  7:46  Orbital Command  
  106  7:47  Marine x3  
  108  8:04  Marauder  
  99  8:22  Marauder x2, Marine x3  
  99  8:25  Concussive Shells  
  99  8:26  Marauder, Factory Tech Lab  
  108  8:27  Widow Mine x2  
  108  8:28  Medivac x2  
  105  8:43  Marauder x2  
  105  8:47  Marauder  
  93  9:02  Marine x2  
  93  9:03  Marine x2  
  93  9:04  Widow Mine x2, Siege Tank  
  93  9:05  Marauder x2, Medivac x2  
  93  9:06  SCV  
  93  9:07  SCV x2  
  93  9:08  Marauder  
  117  9:16  Armory  
  117  9:18  SCV  
  117  9:25  Supply Depot  
  117  9:26  Supply Depot  
  117  9:28  Supply Depot  
  117  9:44  Supply Depot  
  117  9:45  Supply Depot  
  117  9:47  Marauder x2, SCV, Marine x3, Supply Depot  
  117  9:48  Marauder, SCV, Refinery x2  
  117  9:50  Command Center  
  128  9:53  Terran Infantry Armor Level 1  
  128  9:59  Marine  
  129  10:00  Unknown  
  129  10:04  Marine  
  130  10:09  Marauder x2  
  130  10:10  Marauder  
  134  10:22  Marine  
  134  10:23  Marine, Siege Tank  
  134  10:24  Medivac x2  
  143  10:30  Marauder x2  
  143  10:31  Marauder  
  135  10:43  Marine x3  
  135  10:46  SCV x2  
  140  10:50  SCV  
  140  10:51  Marauder x2  
  140  10:52  Marauder  
  145  10:58  SCV x2  
  145  11:01  Marine x2  
  149  11:11  Marine  
  149  11:13  Marauder x2  
  149  11:14  Marauder  
  139  11:30  Marine x3  
  137  11:34  Marauder x2  
  137  11:35  Marauder  
  126  11:40  Marine  
  126  11:46  Medivac, Siege Tank  
  114  11:48  Marine x3  
  115  11:56  Marauder x3  
  115  11:58  Marine  
  122  12:03  SCV x2  
  122  12:04  Terran Vehicle Weapons Level 1  
  122  12:06  Marine x3  
  127  12:15  Marine  
  127  12:17  Marauder x2  
  127  12:18  Marauder  
  134  12:23  Marine x2  
  134  12:24  Marine  
  137  12:38  Marauder x2  
  137  12:39  Marauder, Marine  
  137  12:41  Marine x3, Siege Tank  
  137  12:43  Terran Infantry Weapons Level 2, Terran Infantry Armor Level 2  
  148  12:45  SCV x2  
  148  12:48  Planetary Fortress  
  148  12:50  SCV  
  151  12:55  Medivac  
  151  12:56  Widow Mine  
  151  12:57  SCV x2, Marine  
  158  13:00  Marauder x2  
  158  13:01  Marauder  
  158  13:04  Unknown  
  164  13:06  Marine x3  
  164  13:11  Unknown  
  157  13:21  Marauder x2  
  157  13:22  Marauder  
  157  13:23  Marine x3  
  157  13:24  Marine, Siege Tank  
  165  13:42  Marauder x2, Marine  
  165  13:43  Marauder, Marine  
  173  13:53  Unknown  
  173  14:01  Marine x2  
  169  14:04  Marauder x2  
  169  14:05  Marauder  
  148  14:16  Marine x2  
  150  14:18  Marine  
  150  14:19  Marine  
  152  14:25  Marauder x2  
  152  14:26  Marauder  
  157  14:34  Marine x2  
  157  14:36  Marine x2  
  152  14:41  SCV x3  
  155  14:47  Marauder x2  
  155  14:48  Marauder  
  155  14:51  Marine  
  155  14:52  Marine  
  163  14:54  Marine x2  
  127  15:08  Marauder x2  
  127  15:09  Marauder, Marine x2  
  127  15:12  Marine x2  
  122  15:14  Siege Tank  
  122  15:15  Medivac x2  
  129  15:22  SCV  
  129  15:25  Command Center  
  129  15:27  Marine x2  
  132  15:29  Marauder x2, Starport  
  132  15:30  Marauder  
  132  15:32  Starport x2  
  132  15:34  Marine x2  
  138  15:36  Starport  
  138  15:45  Marine x2  
  138  15:46  Siege Tank  
  143  15:51  Marauder x2  
  143  15:52  Marauder, Marine  
  138  15:59  Marine  
  138  16:03  Marine x2  
  127  16:08  Unknown x5  
  127  16:10  Marine  
  111  16:12  Marauder x2  
  111  16:13  Marauder  
  111  16:17  Marine  
  93  16:32  Marine x3  
  95  16:33  Marauder x2  
  95  16:34  Marauder, Marine  
  95  16:36  Starport Tech Lab  
  94  16:48  Unknown x2  
  94  16:50  Marine x3  
  94  16:52  Marine  
  98  16:55  Marauder x2  
  98  16:56  Marauder  
  103  17:08  Marine x3  
  101  17:10  Marine  
  101  17:15  Starport Tech Lab x3  
  103  17:16  Marauder x2, SCV x3  
  103  17:17  Marauder  
  112  17:25  Marine, Siege Tank  
  112  17:26  Marine x2  
  112  17:28  Marine  
  115  17:38  Marauder x2  
  115  17:39  Marauder  
  115  17:43  Marine x2  
  94  17:44  Marine  
  94  17:46  Marine  
  76  17:59  Marauder x2  
  76  18:00  Marauder  
  76  18:01  Marine x2  
  76  18:02  Marine  
  76  18:04  Marine  
  77  18:19  Marine x2  
  69  18:20  Marauder x2, Marine  
  69  18:21  Marauder, Marine  
Show
View Real Time Build Order
Export as new Build Order

Musumeci Zerg - Winner!

Build Orders: Hatch First 

Get SALT Encoding   

  12  0:01  Drone  
  13  0:08  Drone  
  14  0:15  Extractor  
  14  0:16  Drone  
  15  0:43  Hatchery  
  15  0:46  Extractor  
  15  0:47  Drone  
  15  1:04  Spawning Pool  
  14  1:05  Extractor  
  14  1:07  Drone  
  14  1:11  Extractor  
  14  1:13  Drone  
  16  1:19  Overlord  
  16  1:37  Drone x2  
  18  1:51  Queen  
  18  1:54  Queen, Drone  
  21  1:55  Drone  
  21  1:58  Drone  
  25  2:04  Overlord  
  25  2:08  Drone  
  26  2:13  Drone  
  27  2:16  Drone  
  28  2:23  Overlord  
  27  2:42  Drone  
  27  2:43  Queen, Drone x2  
  27  2:44  Queen  
  32  2:51  Drone x2  
  35  2:58  Drone  
  37  3:07  Drone  
  37  3:08  Drone x6  
  44  3:13  Extractor  
  44  3:14  Extractor  
  44  3:15  Drone  
  44  3:17  Roach Warren  
  44  3:19  Overlord  
  42  3:37  Drone x2  
  42  3:39  Drone x2  
  46  3:45  Evolution Chamber  
  46  3:46  Evolution Chamber  
  44  3:51  Drone x2  
  46  4:03  Drone  
  46  4:04  Drone x2  
  49  4:18  Hatchery  
  49  4:20  Roach x2  
  49  4:23  Lair, Overlord  
  52  4:27  Overlord  
  52  4:35  Extractor  
  51  4:45  Roach x4  
  59  4:49  Drone  
  59  4:50  Drone  
  59  4:51  Roach x2  
  65  5:01  Drone x2  
  65  5:02  Drone  
  65  5:03  Drone, Spore Crawler  
  65  5:04  Spore Crawler  
  65  5:05  Spore Crawler  
  65  5:06  Drone, Spore Crawler  
  66  5:07  Extractor  
  66  5:08  Drone x3  
  66  5:09  Overlord  
  56  5:48  Queen x3  
  61  5:59  Drone x3  
  61  6:01  Spore Crawler  
  61  6:03  Drone  
  61  6:04  Drone x2  
  66  6:05  Overlord x3  
  66  6:06  Overlord  
  66  6:26  Ravager x4  
  66  6:28  Drone x3  
  66  6:29  Drone  
  74  7:15  Overlord x5  
  74  7:19  Zerg Ground Armor Level 1, Zerg Missile Weapons Level 1  
  74  7:33  Drone x16  
  74  7:35  Roach x4  
  98  7:41  Ravager x3  
  101  7:46  Roach x5  
  111  8:03  Ravager  
  111  8:04  Ravager x2  
  114  8:07  Overlord x6  
  100  8:21  Glial Reconstitution  
  100  8:24  Roach x7  
  100  8:27  Roach x6  
  118  8:45  Roach  
  118  8:46  Roach x5  
  120  8:55  Queen  
  116  9:03  Overseer  
  116  9:11  Extractor x2  
  116  9:12  Drone x2  
  116  9:14  Drone x3  
  119  9:20  Roach x6  
  119  9:22  Ravager x7  
  119  9:23  Ravager x3  
  141  9:44  Roach  
  141  9:45  Roach x4, Zerg Missile Weapons Level 2  
  151  10:12  Spore Crawler  
  151  10:13  Spore Crawler  
  148  10:15  Spore Crawler  
  147  10:31  Spore Crawler  
  147  10:33  Hatchery  
  145  10:37  Drone x7, Spore Crawler  
  145  10:38  Drone x2  
  146  11:02  Roach  
  146  11:03  Roach x7  
  162  11:24  Ravager x4  
  149  11:36  Extractor  
  149  11:37  Roach x7  
  149  11:38  Roach x4  
  152  11:52  Zerg Ground Armor Level 2  
  152  11:57  Infestation Pit  
  153  12:01  Roach x8  
  167  12:17  Drone  
  168  12:33  Spine Crawler  
  168  12:34  Queen, Extractor, Spore Crawler x2  
  168  12:35  Spine Crawler  
  165  12:37  Spore Crawler  
  164  13:06  Roach x2, Overlord  
  164  13:07  Overlord x6  
  152  13:29  Roach  
  152  13:30  Roach x16  
  186  13:35  Roach x7  
  191  13:45  Ravager  
  191  13:46  Ravager x8  
  200  13:53  Overseer x2  
  179  14:10  Ravager x10  
  188  14:38  Lair  
  188  14:40  Hatchery  
  167  15:08  Roach x6  
  167  15:09  Roach x10  
  196  15:29  Hatchery  
  195  15:41  Roach x2  
  199  15:43  Overlord x2  
  199  15:44  Overlord x3  
  199  15:46  Spine Crawler x3  
  124  16:16  Roach x15  
  131  16:24  Ravager  
  131  16:25  Ravager  
  115  16:54  Ravager  
  115  16:55  Ravager x11  
  115  17:00  Hive  
  127  17:05  Drone x3  
  127  17:06  Drone  
  127  17:08  Drone  
  132  17:27  Hatchery  
  91  18:26  Roach x3  
  91  18:27  Roach x23  
  116  18:29  Ravager x3  
  116  18:30  Ravager  
Tags
 
Add a new tag
Caveats
  • Supply blocks, unpowered buildings, or Contaminate may cause inaccurate times.
  • Supply counts are checked every 10 seconds.